[Event "Titled Tuesday Blitz August 08 Early 2023"]
[White "Komov, Roman"]
[Black "Aradhya, Garg"]
[WhiteFideId "24175714"]
[BlackFideId "25006746"]
[WhiteElo "2625"]
[BlackElo "2757"]
[Result "0-1"]
[Round "10"]
[TimeControl "180+1"]
[Date "2023.08.08"]
[WhiteClock "0:00:05"]
[BlackClock "0:01:44"]
[Board "50"]

1. e4 e5 2. Nf3 Nc6 3. Nc3 Nf6 4. d4 Bb4 5. Nxe5 Bxc3+ 6. bxc3 Qe7 7. Nxc6 Qxe4+ 8. Be2 Qxc6 9. O-O Qxc3 10. Bg5 Ne4 11. Bh4 O-O 12. Rb1 d5 13. Rb3 Qd2 14. f3 Qxd1 15. Rxd1 Nd6 16. Rc3 Re8 17. Bd3 c6 18. Rb1 Bf5 19. Bg3 Bxd3 20. Bxd6 Ba6 21. Bf4 Re2 22. Re3 Rxc2 23. Rbe1 h6 24. Re7 Rxa2 25. Rc7 Re2 26. Rxe2 Bxe2 27. Rxb7 a5 28. Rb8+ Rxb8 29. Bxb8 a4 30. Bd6 f6 31. Kf2 Bd3 32. Ke3 Bf1 33. g3 Kf7 34. Kd2 Ke6 35. Bf8 Kf7 36. Bc5 h5 37. h4 Ke6 38. Bb4 Kf5 39. Ke3 Bc4 40. Bf8 g5 41. Be7 Bb3 42. Bd6 g4 43. f4 Ke6 44. Bc5 Kd7 45. Kd2 f5 46. Kc3 Kc8 47. Ba3 Kb7 48. Kb4 Kb6 49. Bb2 Bd1 50. Bc3 a3 51. Kxa3 Kb5 52. Kb2 Kc4 53. Ba5 Kd3 54. Kc1 Ba4 55. Bb6 Ke3 56. Bd8 Kf3 57. Kd2 Kxg3 58. Ke2 Kxf4 59. Kd3 Kf3 60. Kd2 g3 61. Ke1 g2 62. Kd2 g1=Q 63. Kc3 Qe3+ 64. Kb4 Qxd4+ 65. Ka5 Qa7+ 66. Kb4 c5+ 67. Kc3 d4+ 68. Kc4 Be8 69. Bf6 Qa6+ 70. Kd5 Qxf6 71. Kc4 Qd6 72. Kd3 Bb5+ 73. Kd2 c4 74. Kc2 Qa3 75. Kd2 c3+ 76. Kc2 d3+ 77. Kb1 Qb2# 0-1


[Site "https://www.chess.com"]

[Event "Titled Tuesday Blitz August 08 Early 2023"]
[White "Aslanov, Umid"]
[Black "jumpingknight20"]
[WhiteFideId "13412620"]
[WhiteElo "2607"]
[BlackElo "2695"]
[Result "1-0"]
[Round "10"]
[TimeControl "180+1"]
[Date "2023.08.08"]
[WhiteClock "0:00:21"]
[BlackClock "0:00:03"]
[Board "51"]

1. e4 c5 2. Nf3 d6 3. d4 cxd4 4. Nxd4 Nf6 5. Nc3 a6 6. Bc4 e6 7. Bb3 b5 8. Bg5 Be7 9. Qf3 Qc7 10. O-O-O b4 11. Ba4+ Bd7 12. Bxd7+ Nfxd7 13. Bxe7 bxc3 14. e5 d5 15. Bd6 Qb6 16. Qxc3 a5 17. f4 Na6 18. f5 Nac5 19. fxe6 fxe6 20. Nb3 Ne4 21. Qh3 Nf8 22. Rhf1 O-O-O 23. Rxf8 Rhxf8 24. Qxe6+ Rd7 25. Qxd5 Nxd6 26. exd6 Qb7 27. Qc4+ Kb8 28. Nc5 Rc8 29. Nxd7+ Qxd7 30. Qd4 Qc6 31. Rd2 Rd8 32. b3 g6 33. a4 Kb7 34. Qe5 Re8 35. Qxa5 Re1+ 36. Kb2 Qe8 37. Qb5+ Qxb5 38. axb5 Kc8 39. d7+ Kd8 40. b6 Re6 41. b7 Rb6 42. c4 Rxb7 43. Kc3 Rc7 44. b4 Ra7 45. c5 Ra1 46. Kc4 Ra8 47. c6 Ra1 48. Kc5 Rc1+ 49. Kb6 Rc3 50. b5 Rc4 51. Re2 1-0


[Site "https://www.chess.com"]

[Event "Titled Tuesday Blitz August 08 Early 2023"]
[White "Colbow, Collin"]
[Black "KarolKacprzak"]
[WhiteFideId "16201132"]
[WhiteElo "2603"]
[BlackElo "2683"]
[Result "0-1"]
[Round "10"]
[TimeControl "180+1"]
[Date "2023.08.08"]
[WhiteClock "0:00:12"]
[BlackClock "0:00:21"]
[Board "52"]

1. d4 e6 2. Bf4 Nf6 3. Nc3 d5 4. Nb5 Na6 5. e3 c6 6. Nc3 Be7 7. Nf3 O-O 8. Bd3 b5 9. a3 Nc7 10. e4 dxe4 11. Nxe4 Nxe4 12. Bxe4 Nd5 13. Bg3 c5 14. O-O Bb7 15. Qe2 a6 16. Rad1 Qb6 17. dxc5 Bxc5 18. Ne5 Rad8 19. Bh4 Nf4 20. Qf3 Rxd1 21. Rxd1 Bxe4 22. Qxe4 Ng6 23. Nd7 Qc7 24. Nxf8 Bxf8 25. Bg3 Qc8 26. h4 h5 27. c3 Be7 28. Qf3 Bxh4 29. Bxh4 Nxh4 30. Qxh5 Nf5 31. Qg5 f6 32. Qd2 Qc4 33. Qd8+ Kh7 34. Qe8 Qg4 35. Rd8 Nh4 36. Qc6 e5 37. Rd3 e4 38. Rg3 Qf4 39. Qd7 Nf5 40. Rh3+ Nh6 41. Qd1 f5 42. f3 e3 43. g3 Qc4 44. Rh2 f4 45. gxf4 Qxf4 46. Qe2 Kg8 47. Rg2 Nf5 48. Rg4 Qe5 49. Qd3 e2 50. Qd8+ Kf7 51. Qd7+ Ne7 52. Re4 e1=Q+ 53. Rxe1 Qxe1+ 54. Kg2 Qe2+ 55. Kg3 Qxb2 56. Qb7 Qxa3 57. Qe4 Qxc3 58. Qf4+ Qf6 59. Qc7 Qg6+ 60. Kf2 Qc6 61. Qf4+ Kg8 62. Qg4 Qf6 63. Qd7 b4 64. Qe8+ Qf8 65. Qd7 a5 66. Qa7 Nc6 67. Qb6 Qf6 68. Qb7 a4 69. Qc8+ Kh7 70. Qh3+ Kg6 71. Qg4+ Kf7 72. Qd7+ Ne7 73. Qxa4 Qd4+ 74. Ke2 Nf5 75. Qb3+ Kf6 76. Qa4 Qe3+ 77. Kf1 Qxf3+ 78. Kg1 Qe4 79. Qa6+ Kg5 80. Qa7 Qg4+ 81. Kf1 Qf3+ 82. Ke1 Qe3+ 83. Qxe3+ Nxe3 84. Ke2 Kf4 85. Kd3 g5 86. Kd4 g4 87. Kc5 g3 88. Kxb4 g2 89. Kc5 g1=Q 90. Kd6 Qg5 91. Ke6 Qd5+ 92. Ke7 Qc6 93. Kf7 Qd6 94. Kg8 Qe7 95. Kh8 Nf5 96. Kg8 Qg7# 0-1


[Site "https://www.chess.com"]

[Event "Titled Tuesday Blitz August 08 Early 2023"]
[White "Deng, Henry"]
[Black "Nagare Kaivalya Sandip"]
[WhiteFideId "30965454"]
[BlackFideId "25957929"]
[WhiteElo "2572"]
[BlackElo "2681"]
[Result "0-1"]
[Round "10"]
[TimeControl "180+1"]
[Date "2023.08.08"]
[WhiteClock "0:01:19"]
[BlackClock "0:01:06"]
[Board "53"]

1. e4 c5 2. Nc3 d6 3. Nf3 Nc6 4. d4 cxd4 5. Nxd4 Nf6 6. Bg5 e6 7. Bb5 Bd7 8. Qd3 Be7 9. O-O-O O-O 10. Bxc6 bxc6 11. Rhe1 h6 12. Bh4 Rb8 13. Nb3 d5 14. e5 Ne8 15. Bxe7 Qxe7 16. Qd4 Bc8 17. Nc5 Nc7 18. f4 Na6 19. Nxa6 Bxa6 20. Na4 Rb4 21. Qc5 Qb7 22. b3 Rxf4 23. Qa5 Qb5 24. Qxb5 cxb5 25. Nc5 Bc8 26. c3 f6 27. b4 fxe5 28. Rxe5 Rf2 29. Rd2 Rxd2 30. Kxd2 Rf2+ 31. Re2 Rxe2+ 32. Kxe2 Kf7 33. Ke3 e5 34. Nd3 Ke6 35. Nc5+ Kd6 36. Nd3 g5 37. g3 Ke6 38. Nc5+ Kf5 39. Nd3 h5 40. h4 gxh4 41. gxh4 Be6 42. Nc5 Bf7 43. a3 Kg4 44. Nd3 d4+ 45. cxd4 exd4+ 46. Kxd4 Kxh4 47. Ne5 Be8 48. Ke3 Kg3 49. Ke2 h4 50. Kf1 h3 51. Kg1 h2+ 52. Kh1 a6 53. Nf3 Bc6 0-1


[Site "https://www.chess.com"]

[Event "Titled Tuesday Blitz August 08 Early 2023"]
[White "Shukhman, Anna"]
[Black "Matinian, Nikita"]
[WhiteFideId "54180058"]
[BlackFideId "24129100"]
[WhiteElo "2548"]
[BlackElo "2679"]
[Result "0-1"]
[Round "10"]
[TimeControl "180+1"]
[Date "2023.08.08"]
[WhiteClock "0:00:50"]
[BlackClock "0:02:15"]
[Board "54"]

1. e4 e5 2. Nf3 Nc6 3. Bb5 a6 4. Ba4 Bc5 5. O-O d6 6. c3 Bg4 7. h3 Bh5 8. d3 Ne7 9. Re1 O-O 10. Nbd2 Kh8 11. Nf1 f5 12. Ng3 Bxf3 13. gxf3 f4 14. Nh1 Ng6 15. Kf1 Qh4 16. Bxc6 Qxh3+ 17. Ke2 bxc6 18. b4 Ba7 19. Rg1 Nh4 20. Ng3 fxg3 21. Rxg3 Qh2 22. Be3 Bxe3 23. Kxe3 Ng2+ 24. Kd2 Nf4 25. Ke3 d5 26. Qf1 dxe4 27. fxe4 Rad8 28. Rd1 Qh6 0-1


[Site "https://www.chess.com"]

[Event "Titled Tuesday Blitz August 08 Early 2023"]
[White "Eynullayev, Atilla"]
[Black "Timerkhanov, Alexander"]
[WhiteFideId "13413570"]
[BlackFideId "24177938"]
[WhiteElo "2545"]
[BlackElo "2671"]
[Result "0-1"]
[Round "10"]
[TimeControl "180+1"]
[Date "2023.08.08"]
[WhiteClock "0:00:15"]
[BlackClock "0:00:41"]
[Board "55"]

1. d4 d5 2. c4 dxc4 3. Nf3 c6 4. e3 Be6 5. a4 a5 6. Na3 Nf6 7. Nxc4 g6 8. b3 Bg7 9. Bb2 O-O 10. Be2 Na6 11. O-O Nb4 12. Nfe5 Nd7 13. f4 Nxe5 14. Nxe5 Qb6 15. Bc4 Bxc4 16. bxc4 Rfd8 17. Qb3 e6 18. Rad1 c5 19. Kh1 Nd5 20. Qa3 Nxe3 21. Qxe3 Qxb2 22. dxc5 Qc2 23. Rd6 Qxa4 24. Nxf7 Qxc4 25. Rc1 Rxd6 26. Nxd6 Qd5 27. Nb5 Rd8 28. h3 a4 29. Qa3 Qb3 30. Ra1 Bxa1 31. Qxa1 Qxb5 32. Qf6 Qd7 33. h4 Rf8 34. Qe5 Qd5 35. Qc7 Rf7 36. Qb8+ Kg7 37. Kh2 Qxc5 38. g3 Qc2+ 39. Kh3 Qf5+ 40. Kh2 a3 41. Qa8 Qc2+ 42. Kh3 a2 43. h5 Qb2 44. h6+ Kxh6 45. g4 a1=Q 46. Qg8 Qc3+ 47. Kh4 Qh1# 0-1


[Site "https://www.chess.com"]

[Event "Titled Tuesday Blitz August 08 Early 2023"]
[White "Reprintsev, Alexander"]
[Black "Petrosian, Karlen"]
[WhiteFideId "14100541"]
[BlackFideId "4176146"]
[WhiteElo "2497"]
[BlackElo "2667"]
[Result "0-1"]
[Round "10"]
[TimeControl "180+1"]
[Date "2023.08.08"]
[WhiteClock "0:00:00"]
[BlackClock "0:00:13"]
[Board "56"]

1. e4 e6 2. d4 d5 3. Nc3 Nf6 4. Bg5 dxe4 5. Nxe4 Be7 6. Nxf6+ Bxf6 7. Bxf6 Qxf6 8. Nf3 c5 9. dxc5 Qxb2 10. Qd4 Qxd4 11. Nxd4 Bd7 12. Rb1 b6 13. cxb6 axb6 14. Rxb6 O-O 15. Bc4 Ra4 16. Bb3 Rxd4 17. Ke2 Nc6 18. a4 Rb8 19. Rxb8+ Nxb8 20. c3 Rd6 21. Ra1 Kf8 22. Bc4 Bc8 23. Bb5 Na6 24. c4 Ke7 25. f4 Nc5 26. g3 Kd8 27. a5 Kc7 28. Ra3 Kb8 29. Ke3 Ka7 30. g4 f6 31. h4 h6 32. g5 hxg5 33. hxg5 Bb7 34. gxf6 gxf6 35. Ke2 Rd4 36. Rh3 Re4+ 37. Kd2 Rxf4 38. Rh7 Nb3+ 39. Ke3 Rf3+ 40. Ke2 Nxa5 41. Rxb7+ Kxb7 42. Kxf3 Kc7 43. Ke4 Kd6 44. Kd4 Nb7 45. Be8 Nc5 46. Bh5 e5+ 47. Ke3 f5 48. Bg6 Ke6 49. Bh7 Kf6 50. Bg8 Kg5 51. Bd5 f4+ 52. Kd2 Kf5 53. Kc3 e4 54. Kb4 Nd3+ 55. Kb3 Ke5 56. Kc3 f3 57. Kd2 Kd4 58. Kd1 Nf4 59. Ke1 Nxd5 0-1


[Site "https://www.chess.com"]

[Event "Titled Tuesday Blitz August 08 Early 2023"]
[White "Sakun, Volodymyr"]
[Black "Rosenberg, Evan S"]
[WhiteFideId "14114062"]
[BlackFideId "2019299"]
[WhiteElo "2664"]
[BlackElo "2456"]
[Result "1-0"]
[Round "10"]
[TimeControl "180+1"]
[Date "2023.08.08"]
[WhiteClock "0:00:25"]
[BlackClock "0:00:02"]
[Board "57"]

1. Nf3 d5 2. d4 Bf5 3. c4 e6 4. Qb3 Nc6 5. a3 Na5 6. Qa4+ c6 7. Nbd2 Nf6 8. e3 Nxc4 9. Bxc4 dxc4 10. Qxc4 Be7 11. O-O O-O 12. b4 h6 13. Bb2 Rc8 14. Ne5 Ne4 15. Nxe4 Bxe4 16. f3 Bh7 17. e4 Bd6 18. Rad1 a5 19. Bc3 axb4 20. Bxb4 Ra8 21. Rb1 Re8 22. Bxd6 Qxd6 23. Rxb7 Rxa3 24. Nxf7 Qf4 25. Qxc6 Rf8 26. Ne5 Qe3+ 27. Kh1 Qxd4 28. Qxe6+ Kh8 29. Nf7+ Rxf7 30. Qxf7 Ra8 31. Rfb1 Bg8 32. Qg6 Qe5 33. Qg3 Qf6 34. e5 Qf8 35. h3 Bh7 36. Re1 Re8 37. e6 Bf5 38. e7 Qf7 39. Qd6 Kh7 40. Kh2 Qh5 41. g4 Qh4 42. Qg3 Qxg3+ 43. Kxg3 Bc8 44. Rb8 Bd7 45. Rxe8 Bxe8 1-0


[Site "https://www.chess.com"]

[Event "Titled Tuesday Blitz August 08 Early 2023"]
[White "Goroshkov, Maksym"]
[Black "Lopez Del Alamo, Antonio"]
[WhiteFideId "14142716"]
[BlackFideId "2227339"]
[WhiteElo "2660"]
[BlackElo "2393"]
[Result "1-0"]
[Round "10"]
[TimeControl "180+1"]
[Date "2023.08.08"]
[WhiteClock "0:00:49"]
[BlackClock "0:00:00"]
[Board "58"]

1. e4 c5 2. b4 cxb4 3. a3 d5 4. exd5 Nf6 5. axb4 Qxd5 6. Nf3 e5 7. Nc3 Qe6 8. Nb5 Bd6 9. Nxd6+ Qxd6 10. b5 e4 11. Ba3 Qd5 12. c4 Qd7 13. Ne5 Qd4 14. f4 Nbd7 15. Nxd7 Bxd7 16. Be2 Ng4 17. Bc5 Qxc5 18. Bxg4 Bxg4 19. Qxg4 O-O 20. Rc1 Rfe8 21. Qe2 Rad8 22. Qe3 Qf5 23. O-O b6 24. c5 Rd3 25. Qf2 e3 26. dxe3 Rdxe3 27. c6 Re2 28. Qf3 h5 29. c7 h4 30. Qb7 h3 31. c8=Q Rxg2+ 32. Kh1 Rxh2+ 33. Kxh2 1-0


[Site "https://www.chess.com"]

[Event "Titled Tuesday Blitz August 08 Early 2023"]
[White "KorolDimitriy75"]
[Black "Fantastic_Power"]
[WhiteElo "2411"]
[BlackElo "2788"]
[Result "0-1"]
[Round "10"]
[TimeControl "180+1"]
[Date "2023.08.08"]
[WhiteClock "0:00:00"]
[BlackClock "0:00:05"]
[Board "59"]

1. d4 Nf6 2. c4 e6 3. Nc3 Bb4 4. Qc2 O-O 5. e4 d5 6. cxd5 exd5 7. e5 Ne4 8. Bd3 c5 9. Ne2 Nc6 10. O-O f5 11. Nxd5 cxd4 12. Nxb4 Nxb4 13. Qb3+ Nd5 14. Nf4 Nc5 15. Qxd5+ Qxd5 16. Nxd5 Nxd3 17. f4 Bd7 18. Rd1 Nb4 19. Nxb4 a5 20. Rxd4 Be6 21. Nc2 Rac8 22. Ne3 Rfd8 23. Rxd8+ Rxd8 24. Kf2 g5 25. g3 gxf4 26. gxf4 Rd4 27. Kg3 b5 28. b3 b4 29. Bb2 Rd2 30. Rb1 a4 31. Nc4 Rc2 32. Kh4 a3 33. Bxa3 bxa3 34. Nxa3 Rxa2 35. Nc4 Rg2 36. Nd6 Rg4+ 37. Kh3 h5 38. b4 Bd5 39. Rb2 Rxf4 40. b5 Kg7 41. b6 Kg6 0-1


[Site "https://www.chess.com"]

[Event "Titled Tuesday Blitz August 08 Early 2023"]
[White "Parpiev, Isaak"]
[Black "Atakhan, Abtin"]
[WhiteFideId "34281576"]
[BlackFideId "22502203"]
[WhiteElo "2538"]
[BlackElo "2786"]
[Result "0-1"]
[Round "10"]
[TimeControl "180+1"]
[Date "2023.08.08"]
[WhiteClock "0:00:00"]
[BlackClock "0:00:11"]
[Board "60"]

1. e4 c5 2. Nf3 Nc6 3. Bb5 e6 4. Bxc6 bxc6 5. d3 d6 6. e5 d5 7. c4 f6 8. Qe2 Ne7 9. Nc3 Nf5 10. exf6 gxf6 11. Bf4 Nd4 12. Nxd4 cxd4 13. Qh5+ Kd7 14. Ne2 Qe8 15. Qf3 Bb7 16. Nxd4 e5 17. Qg4+ Kc7 18. Ne6+ Kb8 19. Nxf8 Rxf8 20. Be3 d4 21. Bd2 c5 22. O-O-O Rg8 23. Qf5 Qg6 24. Qe6 Qg7 25. Qd6+ Qc7 26. Qxf6 Bxg2 27. Rhg1 Kb7 28. Ba5 Qc6 29. Qf7+ Ka6 30. Bd2 Raf8 31. Qxh7 Qe6 32. f4 e4 33. dxe4 Bxe4 0-1


[Site "https://www.chess.com"]

[Event "Titled Tuesday Blitz August 08 Early 2023"]
[White "Tikhonov, Viacheslav"]
[Black "Klukin, Kirill"]
[WhiteFideId "44196407"]
[BlackFideId "24199273"]
[WhiteElo "2530"]
[BlackElo "2783"]
[Result "0-1"]
[Round "10"]
[TimeControl "180+1"]
[Date "2023.08.08"]
[WhiteClock "0:00:02"]
[BlackClock "0:00:35"]
[Board "61"]

1. d4 Nf6 2. c4 Nc6 3. Nf3 e6 4. a3 d6 5. Nc3 g6 6. g3 Bg7 7. Bg2 O-O 8. O-O e5 9. dxe5 Nxe5 10. Nxe5 dxe5 11. Bg5 c6 12. Qxd8 Rxd8 13. Ne4 Nxe4 14. Bxd8 Nd2 15. Rfd1 Nb3 16. Rab1 Bf5 17. e4 Be6 18. Bf1 Bg4 19. Rd3 Nc5 20. Ba5 Nxd3 21. Bxd3 b6 22. Bc3 Rd8 23. Bc2 Bf3 24. a4 h5 25. h4 f6 26. a5 Bh6 27. axb6 axb6 28. Ra1 Bd2 29. Ra3 Be2 30. Ba4 Bxc3 31. Rxc3 c5 32. Bc6 Rd4 33. Bd5+ Kg7 34. Kg2 g5 35. Rc2 Bd1 36. Rc1 g4 37. Ra1 Bf3+ 38. Kf1 Rd2 39. b3 Rb2 40. Kg1 Rxb3 41. Kh2 Rb2 42. Ra7+ Kh6 43. Rf7 Rxf2+ 44. Kg1 Rg2+ 45. Kf1 Kg6 46. Rf8 Rxg3 47. Rg8+ Kh7 48. Rf8 Kg7 49. Rf7+ Kg6 50. Rb7 Rh3 51. Bf7+ Kh6 52. Bg8 g3 53. Rh7+ Kg6 54. Rb7 Rh1# 0-1


[Site "https://www.chess.com"]

[Event "Titled Tuesday Blitz August 08 Early 2023"]
[White "Kosteniuk, Alexandra"]
[Black "Domingo Nunez, Alejandro"]
[WhiteFideId "4128125"]
[BlackFideId "22245561"]
[WhiteElo "2748"]
[BlackElo "2527"]
[Result "1-0"]
[Round "10"]
[TimeControl "180+1"]
[Date "2023.08.08"]
[WhiteClock "0:00:37"]
[BlackClock "0:00:00"]
[Board "62"]

1. d4 g6 2. e4 Bg7 3. Nc3 c6 4. f4 d5 5. e5 f6 6. h4 Nh6 7. h5 Bg4 8. Be2 gxh5 9. Rxh5 Bxh5 10. Bxh5+ Kf8 11. Nf3 Qd7 12. Nh4 f5 13. Qd3 e6 14. b3 Kg8 15. Ba3 Bf8 16. Bb2 Qg7 17. O-O-O Nd7 18. Rh1 Be7 19. Qf3 Kf8 20. g3 Rg8 21. Ne2 Ng4 22. Ng2 Rh8 23. c4 Kg8 24. Ne3 Nxe3 25. Qxe3 Nf8 26. g4 fxg4 27. Bxg4 Qf7 28. Qh3 h6 29. Rg1 Kh7 30. f5 Rg8 31. f6 Bxf6 32. exf6 Qxf6 33. Bc3 Ng6 34. Bd2 Qg7 35. Bxe6 Rge8 36. Bf5 Rxe2 37. Rxg6 1-0


[Site "https://www.chess.com"]

[Event "Titled Tuesday Blitz August 08 Early 2023"]
[White "Djordjevic, Vuk"]
[Black "reevecanada"]
[WhiteFideId "902098"]
[WhiteElo "2699"]
[BlackElo "2527"]
[Result "1-0"]
[Round "10"]
[TimeControl "180+1"]
[Date "2023.08.08"]
[WhiteClock "0:00:05"]
[BlackClock "0:00:17"]
[Board "63"]

1. d4 d5 2. Nf3 Nf6 3. c4 c6 4. Bg5 dxc4 5. a4 Ne4 6. Nc3 Nxc3 7. bxc3 b5 8. e4 a6 9. d5 Bb7 10. axb5 axb5 11. Rxa8 Bxa8 12. Qa1 Bb7 13. Qa7 Qc7 14. Bf4 Qxf4 15. Qxb7 Kd8 16. e5 Qc1+ 17. Ke2 Qc2+ 18. Nd2 Qd3+ 19. Ke1 Qxd5 20. Qxb8+ Kd7 21. Qb7+ Ke6 22. Nf3 f6 23. Be2 Qe4 24. Qc8+ Kf7 25. e6+ Qxe6 26. Qxe6+ Kxe6 27. Nd4+ Kd7 28. Bf3 e5 29. Nxc6 Bc5 30. Ke2 Kc7 31. Rd1 Re8 32. Nb4 e4 33. Bg4 Ra8 34. Nd5+ Kb7 35. Nb4 Ra3 36. Bf5 Rxc3 37. Bxe4+ Kc8 38. Bf5+ Kb8 39. Na6+ Kb7 40. Nxc5+ Kb6 41. Ne4 Ra3 42. Rd6+ Ka5 43. Rd5 Ra2+ 44. Ke3 Ra3+ 45. Ke2 Ra2+ 46. Ke3 Ra3+ 47. Kd4 Kb4 48. Nd6 Ra1 49. Rxb5+ Ka4 50. Bc2+ Ka3 51. Nxc4+ Ka2 52. Rb2# 1-0


[Site "https://www.chess.com"]

[Event "Titled Tuesday Blitz August 08 Early 2023"]
[White "Dehtiarov, Roman"]
[Black "Bach Ngoc Thuy Duong"]
[WhiteFideId "14186640"]
[BlackFideId "12408956"]
[WhiteElo "2650"]
[BlackElo "2526"]
[Result "0-1"]
[Round "10"]
[TimeControl "180+1"]
[Date "2023.08.08"]
[WhiteClock "0:00:00"]
[BlackClock "0:00:42"]
[Board "64"]

1. c4 e5 2. g3 Nf6 3. Bg2 d5 4. cxd5 Nxd5 5. Nc3 Nb6 6. Nf3 Nc6 7. O-O Be7 8. a3 O-O 9. b4 a6 10. d3 Be6 11. Be3 Nd5 12. Nxd5 Bxd5 13. Rc1 f6 14. Bc5 Bxc5 15. Rxc5 Be6 16. Qc2 Qd7 17. Rc1 Rfd8 18. Qc3 Qf7 19. Kf1 Rd7 20. Nd2 Qh5 21. h4 Nd4 22. Nf3 Nb3 23. Rxc7 Rxc7 24. Qxc7 Nxc1 25. Qxc1 Rc8 26. Qd1 Qf7 27. d4 e4 28. Nd2 f5 29. Kg1 Qc7 30. Kf1 Qc1 31. Ke1 Qxa3 32. Nb1 Qb2 33. Qd2 Rc1+ 0-1


[Site "https://www.chess.com"]

[Event "Titled Tuesday Blitz August 08 Early 2023"]
[White "Hua, Lefong"]
[Black "Martin Barcelo, Carles"]
[WhiteFideId "2602253"]
[BlackFideId "24561444"]
[WhiteElo "2648"]
[BlackElo "2521"]
[Result "1-0"]
[Round "10"]
[TimeControl "180+1"]
[Date "2023.08.08"]
[WhiteClock "0:00:23"]
[BlackClock "0:00:05"]
[Board "65"]

1. d4 Nf6 2. c4 b6 3. Nc3 Bb7 4. f3 d5 5. cxd5 Nxd5 6. e4 Nxc3 7. bxc3 g6 8. Bc4 Bg7 9. Ne2 O-O 10. O-O c5 11. Be3 Qc8 12. Rc1 Ba6 13. Qd3 Bxc4 14. Qxc4 Nd7 15. f4 a6 16. a4 Rb8 17. d5 b5 18. axb5 axb5 19. Qa2 c4 20. Qa3 Nf6 21. Ng3 h5 22. Bd4 h4 23. Bxf6 hxg3 24. Bxe7 gxh2+ 25. Kh1 Re8 26. e5 Ra8 27. Qc5 Qg4 28. d6 Rec8 29. Qxb5 Ra2 30. Qd5 Bf8 31. d7 Bxe7 32. dxc8=Q+ Qxc8 33. f5 gxf5 34. Qf3 Qe6 35. Qxf5 Re2 36. Qxe6 fxe6 37. Rce1 Rc2 38. Re3 Ba3 39. Rg3+ Kh7 40. Rf4 1-0


[Site "https://www.chess.com"]

[Event "Titled Tuesday Blitz August 08 Early 2023"]
[White "Ansh M Shah"]
[Black "Kleiman, Jake"]
[WhiteFideId "25033379"]
[BlackFideId "2020041"]
[WhiteElo "2521"]
[BlackElo "2644"]
[Result "0-1"]
[Round "10"]
[TimeControl "180+1"]
[Date "2023.08.08"]
[WhiteClock "0:00:00"]
[BlackClock "0:01:49"]
[Board "66"]

1. Nf3 Nf6 2. g3 e6 3. Bg2 d5 4. O-O g6 5. b3 Bg7 6. Bb2 O-O 7. d3 a5 8. a3 c5 9. Nbd2 Nc6 10. e4 a4 11. Rc1 b6 12. Re1 axb3 13. cxb3 Bb7 14. Qc2 Re8 15. Qb1 h6 16. b4 cxb4 17. axb4 Ra4 18. b5 Nb4 19. Bc3 Na2 20. Bxf6 Bxf6 21. e5 Be7 22. Rc2 Qa8 23. h4 d4 24. h5 Nc3 25. Qc1 Ne2+ 26. Rxe2 Ra1 27. hxg6 Rxc1+ 28. Rxc1 fxg6 29. Ne4 Rc8 30. Rxc8+ Qxc8 31. Nfd2 Bd5 32. f4 Qc2 0-1


[Site "https://www.chess.com"]

[Event "Titled Tuesday Blitz August 08 Early 2023"]
[White "Piesik, Piotr"]
[Black "Lehtosaari, Mauri"]
[WhiteFideId "1136194"]
[BlackFideId "501999"]
[WhiteElo "2642"]
[BlackElo "2521"]
[Result "1-0"]
[Round "10"]
[TimeControl "180+1"]
[Date "2023.08.08"]
[WhiteClock "0:00:50"]
[BlackClock "0:00:08"]
[Board "67"]

1. Nf3 d5 2. g3 Nf6 3. Bg2 Bg4 4. O-O Nbd7 5. d3 e6 6. Nbd2 Bc5 7. e4 O-O 8. Qe1 dxe4 9. dxe4 e5 10. Nb3 Bb6 11. a4 a5 12. Nfd2 Be6 13. Qe2 c6 14. Nc4 Bc7 15. Be3 Qe7 16. f3 h6 17. Rfd1 Rfd8 18. Bf1 Bxc4 19. Qxc4 Bb6 20. Qc3 Bxe3+ 21. Qxe3 Nf8 22. Qb6 Qb4 23. Qxb4 axb4 24. a5 Ne6 25. Bc4 Nd4 26. Nxd4 exd4 27. e5 Ne8 28. f4 Nc7 29. Kf2 Kf8 30. Kf3 Ke7 31. Ke4 c5 32. f5 f6 33. Re1 Re8 34. Kf4 fxe5+ 35. Rxe5+ Kd6 36. Rxe8 Rxe8 37. h4 Nd5+ 38. Bxd5 Kxd5 39. a6 b5 40. a7 Ra8 41. g4 c4 42. g5 hxg5+ 43. hxg5 b3 44. cxb3 d3 45. bxc4+ bxc4 46. Ke3 Ke5 47. Ra5+ Kd6 48. Kd2 Kc6 49. Kc3 Kb6 50. Ra4 Kb5 51. Rb4+ Ka5 52. Rb7 Rd8 53. Kd2 Ra8 54. Rxg7 Kb4 55. Rb7+ Kc5 56. g6 Rh8 57. Rd7 Rh2+ 58. Ke3 Rh3+ 59. Kf4 Rh8 60. g7 1-0


[Site "https://www.chess.com"]

[Event "Titled Tuesday Blitz August 08 Early 2023"]
[White "Weishaeutel, Moritz"]
[Black "Nemec, Jachym"]
[WhiteFideId "12967300"]
[BlackFideId "23716525"]
[WhiteElo "2642"]
[BlackElo "2518"]
[Result "1-0"]
[Round "10"]
[TimeControl "180+1"]
[Date "2023.08.08"]
[WhiteClock "0:00:08"]
[BlackClock "0:00:10"]
[Board "68"]

1. e4 c6 2. Nf3 d5 3. Nc3 Bg4 4. h3 Bxf3 5. Qxf3 e6 6. d4 Nf6 7. Bd3 dxe4 8. Nxe4 Qxd4 9. Be3 Qd8 10. O-O-O Nbd7 11. Bf4 Be7 12. Nd6+ Bxd6 13. Bxd6 Qa5 14. Bc4 O-O-O 15. Rd3 Ne5 16. Bxe5 Qxe5 17. Rhd1 Rxd3 18. Qxd3 Qc7 19. Qa3 Kb8 20. Qe3 Rd8 21. Rxd8+ Qxd8 22. Qg3+ Qc7 23. Qxg7 Qf4+ 24. Kd1 Nd7 25. Qg3 Qxg3 26. fxg3 Kc7 27. Ke2 Kd6 28. Bd3 h6 29. g4 Ke5 30. Ke3 Nf6 31. Kf3 Nd5 32. c3 a5 33. g3 b5 34. h4 f6 35. Bg6 Nb6 36. Be8 Kd6 37. b3 b4 38. c4 Na8 39. Kf4 Nc7 40. Bf7 Ke7 41. Bg6 Na6 42. Be4 Kd6 43. g5 fxg5+ 44. hxg5 hxg5+ 45. Kxg5 Nc5 46. Bc2 Ke5 47. Kh6 Kd4 48. g4 e5 49. g5 e4 50. g6 Ne6 51. Bd1 Kd3 52. Bg4 e3 53. Bxe6 e2 54. g7 e1=Q 55. g8=Q Qh4+ 56. Kg7 Qg3+ 57. Kf8 Qxg8+ 58. Kxg8 c5 59. Bd7 Kc2 60. Ba4 1-0


[Site "https://www.chess.com"]

[Event "Titled Tuesday Blitz August 08 Early 2023"]
[White "Goh, Wei Ming Kevin"]
[Black "Papayan, Oleg"]
[WhiteFideId "5800706"]
[BlackFideId "4193911"]
[WhiteElo "2639"]
[BlackElo "2517"]
[Result "0-1"]
[Round "10"]
[TimeControl "180+1"]
[Date "2023.08.08"]
[WhiteClock "0:00:00"]
[BlackClock "0:00:10"]
[Board "69"]

1. e4 c5 2. Nf3 e6 3. d4 cxd4 4. Bg5 Qb6 5. Qxd4 Nc6 6. Qxb6 axb6 7. Nbd2 Nf6 8. Bd3 Bc5 9. c3 Ng4 10. Bh4 Nce5 11. Nxe5 Nxe5 12. Be2 O-O 13. Nb3 Ra4 14. f3 f5 15. Bb5 Ra8 16. Nxc5 bxc5 17. Be7 Rf7 18. Bd6 Ng6 19. Bxc5 fxe4 20. fxe4 b6 21. Be3 Bb7 22. Rf1 Bxe4 23. Rxf7 Kxf7 24. Bxd7 Bxg2 25. a4 Ne5 26. Bb5 Bd5 27. Bxb6 Nf3+ 28. Ke2 Nxh2 29. a5 Ng4 30. c4 Be4 31. a6 Nf6 32. a7 h5 33. Ke3 h4 34. Rf1 Bb7 35. Kf4 h3 36. Kg3 Rh8 37. Kh2 Ke7 38. Bc5+ Kf7 39. Ba4 Kg6 40. Bc2+ Kg5 41. Be3+ Kh4 42. Rf4+ Ng4+ 43. Rxg4+ Kxg4 44. b4 e5 45. b5 Rc8 46. c5 e4 47. c6 Ba8 48. Bd4 Kf3 49. Bxg7 e3 50. Bc3 e2 51. Be1 Ke3 52. Bf5 Rf8 53. Bxh3 Rf7 54. Bg3 Rxa7 55. Kg2 Ra2 56. Bf2+ Kd3 57. Bf5+ Kc4 58. Kf3 Kxb5 59. Bd3+ Kxc6 60. Be4+ Kd7 61. Bxa8 Ra3+ 62. Kxe2 Rxa8 63. Be3 Ke6 64. Kf3 Kd5 65. Bf2 Ra4 66. Kg2 Ke4 67. Bg1 Ra3 68. Kh1 Kf3 69. Bh2 Kf2 70. Bg1+ Kf1 71. Bh2 Ra5 72. Bg1 Rh5+ 73. Bh2 Rg5 74. Bf4 Rg6 75. Be5 Kf2 76. Bh2 Rg8 77. Be5 Rg1+ 78. Kh2 Rg5 79. Bd4+ Kf3 80. Bf6 Rh5+ 81. Kg1 Rd5 82. Kh1 Kg3 0-1


[Site "https://www.chess.com"]

[Event "Titled Tuesday Blitz August 08 Early 2023"]
[White "ATM622"]
[Black "Tologon tegin, Semetei"]
[BlackFideId "13800574"]
[WhiteElo "2514"]
[BlackElo "2623"]
[Result "1-0"]
[Round "10"]
[TimeControl "180+1"]
[Date "2023.08.08"]
[WhiteClock "0:01:28"]
[BlackClock "0:01:21"]
[Board "70"]

1. d4 d5 2. c4 dxc4 3. e3 Nf6 4. Bxc4 e6 5. Nf3 a6 6. a4 c5 7. O-O Nc6 8. dxc5 Qxd1 9. Rxd1 Bxc5 10. Nc3 b6 11. Nd4 Bb7 12. Nb3 Be7 13. f3 O-O 14. e4 Rfc8 15. Bf1 Nb4 16. Bg5 h6 17. Bh4 Nc2 18. Rac1 Ne3 19. Re1 Nxf1 20. Kxf1 Bb4 21. Bf2 Nd7 22. Red1 Bc6 23. Nd4 Bxc3 24. Nxc6 Rxc6 25. Rxd7 Rac8 26. bxc3 Rxc3 27. Rxc3 Rxc3 28. Bxb6 Ra3 29. a5 1-0


[Site "https://www.chess.com"]